 Dungeon Crawl Stone Soup version 0.30-a0-1116-gebefce21f7 (webtiles) character file.

Game seed: 13745095338125073924

98 CowFu the Changer (level 4, -1/35 HPs)
             Began as a Draconian Transmuter on Apr 21, 2023.
             Was a Follower of Elyvilon.
             Slain by a scorpion (7 damage)
             ... on level 5 of the Dungeon.
             The game lasted 00:05:02 (2365 turns).

CowFu the Changer (Draconian Transmuter)            Turns: 2365, Time: 00:05:03

Health: -1/35      AC:  5    Str: 11 (13) XL:     4   Next: 43%
Magic:  5/7        EV: 12    Int: 14 (17) God:    Elyvilon [*.....]
Gold:   155        SH:  0    Dex:  9 (11) Spells: 1/7 levels left

rFire   + . .      SeeInvis .      - Unarmed
rCold   + . .      Faith    .    (no shield)
rNeg    . . .      Spirit   .    (body armour unavailable)
rPois   +          Reflect  .    (helmet currently unavailable)
rElec   +          Rampage  .    (no cloak)
rCorr   +                        (no gloves)
Will    .....                    (boots currently unavailable)
Stlth   +                        (no amulet)
HPRegen 0.25/turn                (no ring)
MPRegen 0.10/turn                (no ring)

@: mighty, brilliant, appendages, resistant
A: horns 2, talons 2, AC +5, unfitting armour, cold-blooded, clever 1
a: End Transformation, Renounce Religion, Purification


You were on level 5 of the Dungeon.
You worshipped Elyvilon.
Elyvilon was aware of your devotion.
You had temporarily grown beastly horns and talons.
You visited 1 branch of the dungeon, and saw 5 of its levels.

You collected 155 gold pieces.

Inventory:

Armour
 b - a +0 pair of boots
Jewellery
 e - a ring of willpower
 j - a ring of see invisible
Scrolls
 d - a scroll of enchant weapon {unknown}
 g - a scroll of brand weapon {unknown}
 h - a scroll of vulnerability {unknown}
 i - 2 scrolls of identify {unknown}
 l - a scroll of enchant armour {unknown}
 m - a scroll of poison {unknown}
 o - 3 scrolls of fog {unknown}
 t - a scroll of noise
Potions
 a - a potion of lignification
 f - a potion of brilliance
 k - a potion of mutation
 n - a potion of might
 s - a potion of haste {unknown}
 u - a potion of cancellation {unknown}


   Skills:
 - Level 1.1 Fighting
 - Level 1.7 Dodging
 - Level 3.0 Unarmed Combat
 - Level 2.0 Spellcasting
 + Level 4.4 Transmutations
 + Level 1.2 Poison Magic


You had one spell level left.
You knew the following spells:

 Your Spells              Type           Power      Damage    Failure   Level
a - Beastly Appendage     Tmut           40%        N/A       3%          1
b - Wereblood             Tmut           20%        N/A       6%          2
c - Spider Form           Tmut/Pois      14%        N/A       22%         3

Your spell library contained the following spells:

 Spells                   Type           Power      Damage    Failure   Level
 Inner Flame              Hex/Fire       2%         N/A       56%         3
 Ozocubu's Armour         Ice            2%         N/A       56%         3
 Vhi's Electric Charge    Tloc/Air       4%         N/A       56%         3
 Ice Form                 Ice/Tmut       11%        N/A       67%         4
 Yara's Violent Unravell  Hex/Tmut       5%         3d4       95%         5
 Arcjolt                  Conj/Air       1%         1d11      100%        5
 Metabolic Englaciation   Hex/Ice        1%         N/A       100%        5
 Simulacrum               Ice/Necr       1%         N/A       100%        6
 Enfeeble                 Hex            1%         N/A       100%        7
 Maxwell's Capacitive Co  Air            1%         ∞         100%        8


Dungeon Overview and Level Annotations

Branches:
Dungeon (5/15)
 Temple: D:4-7

Altars:
Elyvilon

Annotations:
D:4 Edmund, Sigmund
D:5 Grinder


Innate Abilities, Weirdness & Mutations

You have temporarily grown beastly horns and talons.
Your plain brown scales are hard. (AC +5)
You cannot fit into any form of body armour.
You are cold-blooded and may be slowed by cold attacks.
Your mind is acute. (Int +4, Str/Dex -1)


Message History

Confirm with . or Enter, or press ? or * to list all spells.
You feel a surge of power!
You grow a pair of large bovine horns.
Your feet morph into talons.
Grinder blinks!
You punch the ufetubus!
You kill the ufetubus!
Grinder blinks!
A scorpion comes into view.
You see here a book of Winter.
You pick up a book of Winter and begin reading...
You add the spells Ozocubu's Armour, Metabolic Englaciation and Simulacrum to your library.
An adder comes into view.
The ufetubus shouts!
Casting: Beastly Appendage (safe; 3% risk of failure)
Confirm with . or Enter, or press ? or * to list all spells.
You feel a surge of power!
You fail to extend your transformation any further.
The ufetubus barely misses you.
The ufetubus hits you but does no damage.
You barely miss the ufetubus. Your kick misses the ufetubus.
The ufetubus hits you. The ufetubus misses you.
You punch the ufetubus!
You kill the ufetubus!
The scorpion misses you. x2
The adder attacks as you move away! The adder bites you.
* * * LOW HITPOINT WARNING * * *
A quokka comes into view.
There is a stone staircase leading up here.
Casting: Beastly Appendage (safe; 3% risk of failure)
Confirm with . or Enter, or press ? or * to list all spells.
You feel a surge of power!
You extend your transformation's duration.
The adder bites you.
* * * LOW HITPOINT WARNING * * *
The scorpion stings you but does no damage.
The adder barely misses you.
You closely miss the scorpion. The adder bites you.
* * * LOW HITPOINT WARNING * * *
The scorpion stings you!
You die...

.. .........?.....5
.......#g.........
#......##......... ..
#.. #.............
..##.. #............#
...##.##........r...#
##......#...S.......#
............S@......#
.....#......s...##..#
.... #.....#...##
.....#.....###.#
.........#######
....##.....s##..
................#
###[......=.....#
......#....###.##


You could see a scorpion, 2 adders, a quokka and a goblin.

Vanquished Creatures
  2 adders
  2 ufetubi (D:5)
  A worm (D:4)
  7 orcs (D:3)
  A ball python (D:3)
  5 endoplasms
  4 giant cockroaches
  8 hobgoblins
  4 jackals (D:4)
  6 kobolds
  2 quokkas
  2 bats (D:1)
  A frilled lizard (D:1)
  4 goblins
  6 rats
55 creatures vanquished.

Notes
Turn   | Place    | Note
-------+----------+-------------------------------------------
     0 | D:1      | CowFu the Draconian Transmuter began the quest for the Orb.
     0 | D:1      | Reached XP level 1. HP: 16/16 MP: 3/3
   250 | D:1      | Reached XP level 2. HP: 23/23 MP: 3/5
   361 | D:1      | Reached skill level 3 in Transmutations
   875 | D:1      | Learned a level 2 spell: Wereblood
  1104 | D:2      | You fall into a shaft and drop 2 floors!
  1123 | D:4      | Reached XP level 3. HP: 28/28 MP: 4/6
  1137 | D:4      | Noticed Edmund
  1140 | D:4      | Noticed Sigmund
  1294 | D:3      | Reached skill level 4 in Transmutations
  1334 | D:3      | Learned a level 3 spell: Spider Form
  1436 | D:3      | Reached XP level 4. HP: 33/35 MP: 4/7
  1711 | D:3      | Found a faded altar of an unknown god.
  1801 | D:3      | Prayed at the altar of an unknown god.
  1801 | D:3      | Became a worshipper of Elyvilon the Healer
  1801 | D:3      | Reached * piety under Elyvilon
  2205 | D:2      | Reached skill level 1 in Poison Magic
  2320 | D:5      | Entered Level 5 of the Dungeon
  2329 | D:5      | Noticed Grinder
  2334 | D:5      | Paralysed by Grinder for 4 turns
  2337 | D:5      | Elyvilon protects you from harm!
  2341 | D:5      | Gained mutation: Your mind is acute. (Int +4, Str/Dex -1)
                  | [potion of mutation]
  2352 | D:5      | Noticed a scorpion
  2365 | D:5      | Slain by a scorpion

Illustrated notes

Levels and vault maps discovered:
D:1:      tarquinn_simple_flora_water_d, layout_basic,
          minmay_misc_feat_ornament, chequers_serial_rivers_large_b
D:2:      layout_rooms
D:3:      layout_loops_ring, dreamdust_ecumenical_altar_hidden_monk_grotto
D:4:      layout_rooms, corexii_item_surrounded_by_moat, chequers_avenue,
          uniq_edmund, uniq_sigmund
D:5:      layout_cave_pools, gup_sewer_entry_spiral, uniq_grinder

Skill      XL: |  1  2  3  4 |
---------------+-------------+-----
Transmutations | 3 4 |  4.4
Poison Magic   | 1 |  1.2
Fighting       | |  1.1
Dodging        | |  1.7
Unarmed Combat | |  3.0
Spellcasting   | |  2.0

Action                     |  1- 3 |  4- 6 || total
---------------------------+-------+-------++-------
  Melee: Unarmed           |    88 |    45 ||   133
         Kick              |    21 |    11 ||    32
         Headbutt          |     8 |     3 ||    11
         Tailslap          |     8 |     9 ||    17
         Punch             |       |     2 ||     2
   Cast: Beastly Appendage |    31 |    14 ||    45
    Use: Potion            |       |     6 ||     6
         Scroll            |       |     3 ||     3
   Stab: Sleeping          |     1 |     1 ||     2
 Armour: Skin              |    27 |    21 ||    48
  Dodge: Dodged            |    65 |    30 ||    95

Table legend: (Time is in decaauts)
 A = Elapsed time spent in this place.
 B = Non-inter-level travel time spent in this place.
 C = Inter-level travel time spent in this place.
 D = Time resting spent in this place.
 E = Time spent auto-exploring this place.
 F = Levels seen in this place.
 G = Mean time per level.
                   A        B        C        D        E       F      G
               +--------+--------+--------+--------+--------+-----+--------+
         Total |   2407 |   2274 |    133 |      0 |   1808 |   5 |  481.4 |
       Dungeon |   2407 |   2274 |    133 |      0 |   1808 |   5 |  481.4 |
               +--------+--------+--------+--------+--------+-----+--------+

Top non-repeatable levels by time:
     D:1: 982 daAuts
     D:3: 883 daAuts
     D:2: 386 daAuts
     D:4: 110 daAuts
     D:5: 44 daAuts
